 Dungeon Crawl Stone Soup version 0.31-a0-626-g8143ab4f1d (webtiles) character file.

Game seed: 12069462289906825422

17415 RepHenryClay the Nimble (level 12, -10/59 HPs)
             Began as a Deep Elf Hedge Wizard on Aug 24, 2023.
             Was a Priest of Sif Muna.
             Mangled by a phantasmal warrior (28 damage)
             ... on level 13 of the Dungeon.
             The game lasted 00:48:42 (17623 turns).

RepHenryClay the Nimble (Deep Elf Hedge Wizard)    Turns: 17623, Time: 00:48:42

Health: -10/59     AC: 12    Str:  7    XL:     12   Next: 18%
Magic:  31/37      EV: 18    Int: 29    God:    Sif Muna [***...]
Gold:   479        SH:  0    Dex: 14    Spells: 24/32 levels left

rFire   . . .        a - +4 dagger of Hanaw {drain, Int+4}
rCold   . . .        (no shield)
rNeg    . . .        N - +2 robe {Will+}
rPois   .            g - +1 helmet
rElec   .            J - +1 cloak
rCorr   +            r - +0 pair of gloves
SInv    .            o - +2 pair of boots
Will    ++...        w - amulet of regeneration
Stlth   +++          F - ring of resist corrosion
HPRegen 1.09/turn    m - ring of magical power
MPRegen 0.25/turn

%: no passive effects
@: no status effects
A: no striking features
a: Renounce Religion, Channel Magic, Forget Spell


You were on level 13 of the Dungeon.
You worshipped Sif Muna.
Sif Muna was most pleased with you.
You visited 4 branches of the dungeon, and saw 17 of its levels.
You also visited: Sewer.

You collected 949 gold pieces.
You spent 470 gold pieces at shops.

Inventory:

Hand Weapons
 a - the +4 dagger of Hanaw (weapon) {drain, Int+4}
   (You found it on level 7 of the Dungeon)

   Int+4:     It affects your intelligence (+4).
 b - a +2 dagger of flaming
 D - the +7 flail "Fish" {flame, rN+}
   (You took it off an orc wizard on level 7 of the Dungeon)

   rN+:       It protects you from negative energy.
 G - the +9 hammer of Uncomfortable Rashes {holy, rElec Int+2}
   (You found it on level 3 of the Dungeon)

   Int+2:     It affects your intelligence (+2).
   rElec:     It insulates you from electricity.
 H - a -1 demon whip
Armour
 g - a +1 helmet (worn)
 o - a +2 pair of boots (worn)
 r - a +0 pair of gloves (worn)
 A - a +2 leather armour of positive energy
 C - +0 steam dragon scales
 J - a +1 cloak (worn)
 N - a +2 robe of willpower (worn)
Magical Staves
 q - a staff of death
 u - a staff of cold
 K - a staff of poison
 R - a staff of earth
Jewellery
 e - a ring of protection from cold
 k - a ring of protection from fire
 m - a ring of magical power (right hand)
 w - an amulet of regeneration (around neck)
 F - a ring of resist corrosion (left hand)
 M - a ring of protection from cold
Wands
 y - a wand of polymorph (10)
 E - a wand of roots (3)
Scrolls
 i - a scroll of revelation
 n - a scroll of amnesia
 p - 4 scrolls of teleportation
 v - 4 scrolls of blinking
 x - a scroll of butterflies
 I - a scroll of fear
 L - 2 scrolls of enchant weapon
 O - a scroll of fog
 Q - a scroll of poison {unknown}
Potions
 c - a potion of cancellation
 d - a potion of magic
 f - 6 potions of enlightenment
 h - 6 potions of mutation
 j - 2 potions of lignification
 l - 2 potions of curing
 s - a potion of ambrosia
 t - 5 potions of brilliance
 z - 3 potions of might {unknown}
 B - 4 potions of resistance {unknown}
 P - a potion of heal wounds {unknown}


   Skills:
 + Level 9.5 Short Blades
 - Level 12.9 Dodging
 - Level 5.0 Stealth
 - Level 10.9 Spellcasting
 - Level 10.0 Conjurations
 - Level 1.1 Summonings
 - Level 5.0 Translocations
 - Level 3.8 Air Magic
 - Level 4.2 Poison Magic


You had 24 spell levels left.
You knew the following spells:

 Your Spells              Type           Power      Damage    Failure   Level
a - Magic Dart            Conj           100%       1d8       1%          1
b - Mephitic Cloud        Conj/Pois/Air  50%        N/A       1%          3
c - Cigotuvi's Dreadful   Necr/Pois/Air  62%        N/A       1%          2
Q - Blink                 Tloc           88%        N/A       1%          2

Your spell library contained the following spells:

 Spells                   Type           Power      Damage    Failure   Level
 Apportation              Tloc           88%        N/A       1%          1
 Summon Small Mammal      Summ           88%        N/A       2%          1
 Necrotise                Necr           60%        1d7       3%          1
 Slow                     Hex            60%        N/A       3%          1
 Call Imp                 Summ           44%        N/A       3%          2
 Passage of Golubria      Tloc           44%        N/A       4%          4
 Tukima's Dance           Hex            15%        N/A       11%         3
 Yara's Violent Unravell  Hex/Tmut       7%         3d5       67%         5


Dungeon Overview and Level Annotations

Branches:
Dungeon (13/15)            Temple (1/1) D:5            Lair (2/5) D:8
    Orc (1/2) D:9           Sewer (visited)
  Swamp: Lair:2-3    Shoals: Lair:2-3     Snake: Lair:2-3    Spider: Lair:2-3
 Vaults: D:13-14

Altars:
Ashenzari
Cheibriados
Dithmenos
Elyvilon
Fedhas
Gozag
Hepliaklqana
Kikubaaqudgha
Makhleb
Nemelex Xobeh
Okawaru
Qazlal
Ru
Sif Muna
Uskayaw
Vehumet
Xom
Yredelemnul
Zin
The Shining One

Shops:
D:5 !   D:7 *   D:8 [*   Orc:1 (

Annotations:
D:5 1 runed translucent door, wormstring's ghost, amateur DsSh
D:13 Nessos
Lair:1 exclusion: oklob plant


Message History

Press: ? - help, Shift-Dir - straight line, f/p - Nessos
Aim: Nessos, wielding a +2 longbow of flaming and wearing a +0 barding (noxious fumes, confused, 100% to hit)
The magic dart hits Nessos but does no damage.
Nessos is engulfed in noxious fumes.
Nessos appears confused.
Nessos says, "I'm a little confused."
Casting: Magic Dart (safe; 1% risk of failure)
Confirm with . or Enter, or press ? or * to list all spells.
Aiming: Magic Dart (safe; 1% risk of failure)
Press: ? - help, Shift-Dir - straight line, f/p - Nessos
Aim: Nessos, wielding a +2 longbow of flaming and wearing a +0 barding (confused, 100% to hit)
The magic dart hits Nessos!
Nessos is lightly wounded.
Casting: Magic Dart (safe; 1% risk of failure)
Confirm with . or Enter, or press ? or * to list all spells.
Aiming: Magic Dart (safe; 1% risk of failure)
Press: ? - help, Shift-Dir - straight line, f/p - Nessos
Aim: Nessos, wielding a +2 longbow of flaming and wearing a +0 barding (lightly wounded, confused, 100% to hit)
The magic dart hits Nessos.
Nessos is lightly wounded.
Casting: Magic Dart (safe; 1% risk of failure)
Confirm with . or Enter, or press ? or * to list all spells.
Aiming: Magic Dart (safe; 1% risk of failure)
Press: ? - help, Shift-Dir - straight line, f/p - Nessos
Aim: Nessos, wielding a +2 longbow of flaming and wearing a +0 barding (lightly wounded, confused, 100% to hit)
The magic dart hits Nessos.
Nessos is lightly wounded.
You hit the phantasmal warrior but do no damage.
The phantasmal warrior hits you!
Damage: -11%(-7hp) hp: 89%(52hp)
You hit Nessos but do no damage. You drain Nessos.
Nessos is moderately wounded.
Nessos unwields a +2 longbow of flaming.
It stops flaming.
Nessos hits you! Nessos barely misses you. The phantasmal warrior hits you!!
* * * LOW HITPOINT WARNING * * *
Huge Dmg: -61%(-36hp) hp: 28%(16hp) Nessos closely misses you. x2
The manticore flicks its tail.
The volley of spikes misses you. The phantasmal warrior hits you!!
You die...

......#.##.....
......##.##.###
.......##.....#
........###.##.
#............##
+.............#
#....W...H..
#...@......#
#...c......#.##...
#....$.....##.##.#
#...........##H...
#............###.#
#.................
..................
#.....
#########......O...
#....# #..)#


You could see Nessos (confused, drained), a manticore and a phantasmal warrior.

Vanquished Creatures
  A centaur warrior (D:11)
  4 two-headed ogres
  A sixfirhy (D:9)
  A cyclops (D:7)
  A manticore (D:12)
  A deep elf pyromancer (D:13)
  An ugly thing (D:11)
  An elephant (D:8)
  An orange demon (D:9)
  A cane toad (Lair:1)
  An ice devil (D:9)
  A komodo dragon (D:10)
  A rime drake (Lair:1)
  3 meliai (D:12)
  3 trolls
  2 polar bears
  Sigmund (D:5)
  2 wraiths
  15 yaks
  Eustachio (D:5)
  2 basilisks (Lair:1)
  A steam dragon (D:7)
  2 vampire mosquitoes (D:8)
  Edmund (D:6)
  2 water moccasins
  2 acid dragons
  4 black bears
  7 orc warriors
  4 sky beasts
  2 ice beasts
  4 ogres
  2 centaurs
  3 kobold brigands
  13 bullfrogs
  A gnoll sergeant (D:8)
  7 scorpions
  A wight (D:7)
  3 killer bees (D:8)
  4 howler monkeys
  5 electric eels (D:8)
  4 quasits
  4 hounds
  2 jellies
  2 orc priests
  Crazy Yiuf (D:3)
  A gnoll bouda (D:5)
  4 iguanas
  Jessica (D:3)
  Ijyb (D:5)
  8 orc wizards
  Robin (D:3)
  10 adders
  11 gnolls
  4 river rats (Sewer)
  A shadow imp (D:5)
  2 white imps (D:7)
  A dart slug (D:1)
  20 orcs
  9 endoplasms
  8 giant cockroaches
  16 goblins
  11 hobgoblins
  A jackal (Sewer)
  2 quokkas
  11 ball pythons
  13 bats
  15 kobolds
  8 rats
285 creatures vanquished.

Vanquished Creatures (others)
  A white imp (D:7)
1 creature vanquished.

Grand Total: 286 creatures vanquished

Notes
Turn   | Place    | Note
-------+----------+-------------------------------------------
     0 | D:1      | RepHenryClay the Deep Elf Hedge Wizard began the quest for
                  | the Orb.
     0 | D:1      | Reached XP level 1. HP: 10/10 MP: 7/7
   252 | D:1      | Reached XP level 2. HP: 15/15 MP: 6/9
   366 | D:1      | Learned a level 2 spell: Blink
   685 | D:1      | Reached XP level 3. HP: 19/19 MP: 8/10
   689 | D:1      | Learned a level 3 spell: Mephitic Cloud
   925 | D:1      | Found a faded altar of an unknown god.
  1521 | D:1      | Learned a level 2 spell: Cigotuvi's Dreadful Rot
  1904 | D:2      | Reached XP level 4. HP: 24/24 MP: 12/12
  2191 | D:3      | Found a glowing drain.
  2269 | Sewer    | Entered a sewer
  2271 | Sewer    | Reached skill level 5 in Conjurations
  2282 | Sewer    | Reached XP level 5. HP: 19/28 MP: 13/13
  2385 | Sewer    | Reached skill level 1 in Air Magic
  2385 | Sewer    | Reached skill level 1 in Poison Magic
  2397 | Sewer    | Reached XP level 6. HP: 32/32 MP: 10/14
  2492 | Sewer    | Found a glowing silver altar of Zin.
  2559 | D:3      | Noticed Robin
  2582 | D:3      | Killed Robin
  2771 | D:3      | Identified the +9 hammer of Uncomfortable Rashes {holy,
                  | rElec Int+2}
  2778 | D:3      | Found a runed translucent door.
  2779 | D:3      | Noticed Crazy Yiuf
  2885 | D:3      | Noticed Jessica
  2892 | D:3      | Killed Jessica
  3145 | D:3      | Found a hide-covered altar of Uskayaw.
  4070 | D:4      | Found a shimmering altar of Xom.
  4096 | D:4      | Reached XP level 7. HP: 35/36 MP: 12/15
  4255 | D:4      | Found a broken altar of Ashenzari.
  4259 | D:4      | Saw a vision of the Shoals and the Spider Nest.
  4259 | D:4      | Noticed a steelbarb worm
  4259 | D:4      | Noticed a radroach
  4259 | D:4      | Noticed a jumping spider
  4259 | D:4      | Noticed a wolf spider
  4259 | D:4      | Noticed a redback
  4259 | D:4      | Noticed a steelbarb worm
  4259 | D:4      | Noticed a wolf spider
  4259 | D:4      | Noticed a broodmother
  4259 | D:4      | Noticed a merfolk avatar
  4259 | D:4      | Noticed a merfolk
  4259 | D:4      | Noticed a manticore
  4259 | D:4      | Noticed a wind drake
  4259 | D:4      | Noticed a kraken
  4259 | D:4      | Noticed a sea snake
  4259 | D:4      | Noticed a manticore
  4259 | D:4      | Noticed a spark wasp
  4259 | D:4      | Noticed a radroach
  4262 | D:4      | Noticed a wolf spider
  4264 | D:4      | Noticed a pharaoh ant
  4339 | D:4      | Found an ancient bone altar of Kikubaaqudgha.
  4522 | D:4      | Reached skill level 3 in Dodging
  4599 | D:4      | Found an opulent altar of Gozag.
  4805 | D:5      | Entered Level 5 of the Dungeon
  4805 | D:5      | Noticed wormstring's ghost (amateur DsSh)
  4805 | D:5      | Found a runed translucent door.
  4812 | D:5      | Found Seshrilar's Distillery.
  4821 | D:5      | Bought a potion of brilliance for 56 gold pieces
  4884 | D:5      | Identified the +5 ring mail "Faulong" {-Tele rF+ Dex+5
                  | SInv}
  4951 | D:5      | You fall into a shaft and drop 2 floors!
  4972 | D:7      | Reached skill level 4 in Dodging
  4972 | D:7      | Reached skill level 5 in Spellcasting
  5298 | D:5      | Found a staircase to the Ecumenical Temple.
  5303 | Temple   | Entered the Ecumenical Temple
  5317 | Temple   | Became a worshipper of Sif Muna the Loreminder
  5387 | D:6      | Reached skill level 5 in Dodging
  5387 | D:6      | Reached XP level 8. HP: 38/41 MP: 18/18
  5563 | D:6      | Noticed Edmund
  5610 | D:6      | Killed Edmund
  5720 | D:6      | Found a hazy altar of Hepliaklqana.
  5831 | D:5      | Reached skill level 6 in Dodging
  5924 | D:5      | Noticed Sigmund
  5928 | D:5      | Killed Sigmund
  6000 | D:5      | Reached skill level 7 in Dodging
  6189 | D:5      | Noticed Ijyb
  6197 | D:5      | Killed Ijyb
  6426 | D:5      | Noticed Eustachio
  6438 | D:5      | Killed Eustachio
  6534 | D:5      | Reached skill level 8 in Dodging
  6534 | D:5      | Reached XP level 9. HP: 43/45 MP: 22/22
  7005 | D:6      | Found a blossoming altar of Fedhas.
  7109 | D:6      | Found a shadowy altar of Dithmenos.
  7529 | D:7      | Reached skill level 9 in Dodging
  7863 | D:7      | Identified the +7 flail "Fish" {flame, rN+}
  7943 | D:7      | Noticed a cyclops
  7957 | D:7      | Killed a cyclops
  7958 | D:7      | Reached skill level 10 in Dodging
  8284 | D:7      | Found a snail-covered altar of Cheibriados.
  8306 | D:7      | Identified the +4 dagger of Hanaw {drain, Int+4}
  8578 | D:7      | Found Qunadubbu's Lightly-Used Armoury.
  8914 | D:7      | Bought a -1 demon whip for 140 gold pieces
  8979 | D:8      | Reached * piety under Sif Muna
  8986 | D:8      | Reached XP level 10. HP: 50/50 MP: 25/25
  9080 | D:8      | Found Jubla's Assorted Antiques.
  9125 | D:8      | Bought a scroll labelled BUNEUCOFUO for 31 gold pieces
  9125 | D:8      | Bought a scroll labelled SIORGH DIS JIF for 31 gold pieces
  9195 | D:8      | Reached skill level 11 in Dodging
  9341 | D:8      | Noticed an elephant
  9426 | D:8      | Killed an elephant
  9616 | D:8      | Reached skill level 1 in Short Blades
  9631 | D:8      | Found a staircase to the Lair.
 10117 | D:8      | Reached ** piety under Sif Muna
 10159 | D:8      | Found Vod Zefa's Armour Shoppe.
 10233 | D:9      | Reached skill level 5 in Stealth
 10233 | D:9      | Noticed a smoke demon
 10318 | Lair:1   | Entered Level 1 of the Lair of Beasts
 10426 | D:8      | Reached skill level 5 in Short Blades
 10739 | D:9      | Noticed an orange demon
 10759 | D:9      | Killed an orange demon
 10810 | D:9      | Noticed a sixfirhy
 10825 | D:9      | Killed a sixfirhy
 10826 | D:9      | Reached skill level 5 in Translocations
 10826 | D:9      | Reached XP level 11. HP: 54/54 MP: 26/26
 10874 | D:9      | Noticed a two-headed ogre
 11352 | D:9      | Killed a two-headed ogre
 11353 | D:9      | Reached skill level 10 in Spellcasting
 11543 | D:9      | Found a white marble altar of Elyvilon.
 11589 | D:9      | Found a staircase to the Orcish Mines.
 11620 | D:9      | Found a basalt altar of Yredelemnul.
 11640 | Orc:1    | Entered Level 1 of the Orcish Mines
 11716 | Orc:1    | Reached skill level 12 in Dodging
 11991 | Orc:1    | Found Wifylonou's Firing Range.
 12052 | Orc:1    | Reached *** piety under Sif Muna
 12317 | D:8      | Bought a +2 robe of willpower for 212 gold pieces
 12530 | D:3      | Killed Crazy Yiuf
 12959 | Lair:1   | Noticed an oklob plant
 13291 | Lair:1   | Reached skill level 10 in Conjurations
 14165 | D:10     | Entered Level 10 of the Dungeon
 14166 | D:10     | Noticed a two-headed ogre
 14180 | D:10     | Killed a two-headed ogre
 15303 | D:11     | Noticed a two-headed ogre
 15318 | D:11     | Noticed a two-headed ogre
 15323 | D:11     | Killed a two-headed ogre
 15347 | D:11     | Killed a two-headed ogre
 15561 | D:11     | Noticed a centaur warrior
 15579 | D:11     | Killed a centaur warrior
 15636 | D:11     | Noticed a red ugly thing
 15638 | D:11     | Killed a red ugly thing
 15639 | D:11     | Reached XP level 12. HP: 59/59 MP: 28/28
 17494 | D:13     | Noticed a two-headed ogre
 17495 | D:13     | Noticed Nessos
 17623 | D:13     | Mangled by a phantasmal warrior

Illustrated notes

Levels and vault maps discovered:
D:1:      scummos_arrival_hexagon, layout_loops_ring, serial_bayou,
          serial_bayou_crossing, serial_bayou_pond_e, serial_bayou_pond_d,
          serial_bayou_shore_b, hellmonk_ecumenical_altar_slurped_away,
          minmay_pentomino_s4
D:2:      layout_rooms
D:3:      minmay_general_purpose_star, layout_basic, nicolae_uskayaw_suspiria,
          gup_sewer_entry_glass, roderic_roman_lattice, nrook_mini_backslash,
          uniq_robin, uniq_crazy_yiuf_cottage, uniq_jessica
D:4:      layout_basic, grunt_ashenzari_visionary
          [grunt_ashenzari_visionary_shoals, grunt_ashenzari_visionary_spider],
          xom_butterflies, nicolae_gozag_cash_rules_everything_around_me,
          mainiacjoe_overflow_tiny_flanked
D:5:      layout_rooms, minmay_temple_entry_from_below_a,
          hellmonk_ghost_happy_afterlife, serial_shops, shop,
          serial_park_tiny_1, chequers_serial_rivers_small_b,
          chequers_mini_garden, dk_vineyard_3, uniq_ijyb, uniq_eustachio,
          uniq_sigmund
D:6:      layout_basic, mainiacjoe_overflow_24_doors,
          mainiacjoe_overflow_big_doors, skrybe_limestone_x, uniq_edmund
D:7:      minmay_evil_eye, layout_layer_cave, cheibriados_altar_1,
          minmay_shop_damaged, nzn_random_ring
D:8:      layout_gridville, david_lair_generic, serial_shops, shop_fountains,
          nicolae_shop_overgrown_old_shop, serial_bayou_lake_a
D:9:      layout_cave_pods, kennysheep_ying_yang, orc_0_dummy, serial_demonic,
          serial_demonic_e, serial_demonic_c, serial_demonic_g,
          serial_demonic_f, serial_demonic_e, serial_demonic_c
D:10:     layout_rooms, nicolae_overflow_hidden_temple
D:11:     layout_basic
D:12:     layout_layer_cave
D:13:     minmay_strange_plus, layout_irregular_city, kennysheep_small_circle,
          uniq_frances, uniq_nessos, uniq_urug
Temple:   nicolae_temple_figure_zero
Lair:1:   minmay_lair_oklob_tunnel, layout_chaotic_city,
          chequers_serial_rivers_large_b, cheibrodos_lair_lostbears
Lair:2:   layout_chaotic_city, minmay_shoals_entry_beasts,
          nicolae_spider_entry_tight_spaces, cheibrodos_lair_reptile_den
Orc:1:    layout_diamond_mine, basic_altar, nicolae_shop_firing_range

Skill      XL: |  1  2  3  4  5  6  7  8  9 10 11 12 |
---------------+-------------------------------------+-----
Conjurations   | 2 3 4 5 6 7 8 9 10 | 10.0
Air Magic      | 2 3 |  3.8
Poison Magic   | 2 4 |  4.2
Dodging        | 5 8 10 11 12 | 12.9
Spellcasting   | 5 7 9 10 | 10.9
Short Blades   | 5 8 9 |  9.5
Stealth        | 5 |  5.0
Translocations | 5 |  5.0
Summonings     | |  1.1

Action                     |  1- 3 |  4- 6 |  7- 9 | 10-12 || total
---------------------------+-------+-------+-------+-------++-------
  Melee: Dagger            |     3 |    24 |     7 |   325 ||   359
         Mace              |       |     5 |    71 |    94 ||   170
         Punch             |       |       |     1 |    12 ||    13
   Cast: Magic Dart        |   107 |   100 |   310 |   508 ||  1025
         Mephitic Cloud    |       |     7 |    16 |    56 ||    79
         Cigotuvi's Dreadf |       |     2 |     4 |     8 ||    14
         Blink             |       |       |     2 |    14 ||    16
  Evoke: Wand              |       |     5 |     3 |    11 ||    19
    Use: Scroll            |       |     5 |     1 |    10 ||    16
         Potion            |       |     1 |     2 |     3 ||     6
   Stab: Confused          |       |       |     5 |    31 ||    36
         Sleeping          |       |       |       |     3 ||     3
 Armour: Robe              |     8 |    23 |    15 |    66 ||   112
         Leather armour    |       |       |    34 |   116 ||   150
  Dodge: Dodged            |    12 |    38 |   115 |   509 ||   674

Table legend: (Time is in decaauts)
 A = Elapsed time spent in this place.
 B = Non-inter-level travel time spent in this place.
 C = Inter-level travel time spent in this place.
 D = Time resting spent in this place.
 E = Time spent auto-exploring this place.
 F = Levels seen in this place.
 G = Mean time per level.
                   A        B        C        D        E       F      G
               +--------+--------+--------+--------+--------+-----+--------+
         Total |  17746 |  15658 |   2088 |    678 |  11555 |  18 |  985.9 |
       Dungeon |  15471 |  13495 |   1976 |    572 |  10008 |  13 | 1190.1 |
        Temple |     26 |      2 |     24 |      0 |      0 |   1 |   26.0 |
          Lair |   1376 |   1334 |     42 |     97 |    899 |   2 |  688.0 |
  Orcish Mines |    586 |    542 |     44 |      9 |    416 |   1 |  586.0 |
         Sewer |    284 |    284 |      0 |      0 |    232 |   1 |  284.0 |
               +--------+--------+--------+--------+--------+-----+--------+

Top non-repeatable levels by time:
     D:7: 2263 daAuts
     D:8: 2071 daAuts
     D:3: 1894 daAuts
     D:1: 1547 daAuts
     D:9: 1426 daAuts
  Lair:1: 1372 daAuts
    D:11: 1192 daAuts
    D:12: 1119 daAuts
     D:6: 1106 daAuts
     D:5: 969 daAuts
     D:4: 792 daAuts
     D:2: 592 daAuts
   Orc:1: 586 daAuts
    D:10: 436 daAuts
   Sewer: 284 daAuts
